Construct Weapon Support Center
Selects Airborne Battlegroup
Selects Heavy Machine Gun Paradrop
Heavy Machine Gun Paradrop
Heavy Machine Gun Paradrop
Selects Paratrooper Squad Paradrop
Paratrooper Squad Paradrop
Construct Medical Station
Mechanized Support Center
Improved M9 Bazooka Rockets
Paratrooper Squad Paradrop
Designate Forward Repair Station
Selects Paradrop Reinforcements
Designate Forward Repair Station